 Dungeon Crawl Stone Soup version 0.31-a0-1626-g5cb510d322 (webtiles) character file.

Game seed: 13565356532157647499

18516 LeprechaunX the Mimic (level 12, -3/76 HPs)
             Began as an Octopode Shapeshifter on Jan 12, 2024.
             Was a Believer of Hepliaklqana.
             Slain by a freezing wraith (10 damage)
             ... in an ice cave.
             The game lasted 00:21:31 (12087 turns).

LeprechaunX the Mimic (Octopode Shapeshifter)      Turns: 12087, Time: 00:21:32

Health: -3/76      AC:  5    Str: 12    XL:     12   Next: 59%
Magic:  15/15      EV: 15    Int: 12    God:    Hepliaklqana [**....]
Gold:   680        SH: 10    Dex: 16    Spells: 11/11 levels left

rFire   + + +        u - +8 whip of Discord {speed, +Blink rF++ Will+ Str-5}
rCold   + . .        s - +0 buckler
rNeg    + + +        (helmet currently unavailable)
rPois   +            m - amulet of reflection
rElec   .            o - +4 ring of protection
rCorr   +            n - ring of poison resistance
SInv    .            y - +6 ring of dexterity
Will    ++...        F - ring of willpower
Stlth   ++           H - ring of protection from cold
HPRegen 0.32/turn    K - ring of protection from fire
MPRegen 0.14/turn    O - ring of Kyd Nuen {rPois rN+++ rCorr Dex-3}
                     (no ring)

%: reflection
@: beast-form, slowed, studying Ranged Weapons, very slow
A: beast (slay +4), reduced essence, almost no armour, amphibious, 8 rings,
camouflage 1, gelatinous body 1, (nimble swimmer 1), tentacles
a: Begin Untransformation, Renounce Religion, Evoke Blink, Recall Ancestor,
Ancestor Identity


You were in an ice cave.
You worshipped Hepliaklqana.
Hepliaklqana was pleased with you.
You were a hulking beast.
You visited 3 branches of the dungeon, and saw 12 of its levels.
You also visited: Bailey and Ice Cave.

You collected 680 gold pieces.

Inventory:

Hand Weapons
 u - the +8 whip of Discord (weapon) {speed, +Blink rF++ Will+ Str-5}
   (You took it off a goblin on level 3 of the Dungeon)

   Str-5:     It affects your strength (-5).
   rF++:      It greatly protects you from fire.
   Will+:     It increases your willpower.
   +Blink:    It lets you blink.
Missiles
 h - a boomerang
 J - a curare-tipped dart
 W - 4 javelins (quivered)
Armour
 s - a +0 buckler (worn)
Jewellery
 m - an amulet of reflection (around mantle)
 n - a ring of poison resistance (right tentacle)
 o - a +4 ring of protection (left tentacle)
 w - an amulet of guardian spirit
 y - a +6 ring of dexterity (on tentacle)
 F - a ring of willpower (on tentacle)
 H - a ring of protection from cold (on tentacle)
 K - a ring of protection from fire (on tentacle)
 O - the ring of Kyd Nuen (on tentacle) {rPois rN+++ rCorr Dex-3}
   (You found it on level 9 of the Dungeon)

   [ring of poison resistance]

   Dex-3:     It affects your dexterity (-3).
   rPois:     It protects you from poison rN+++: It renders you almost immune to
   negative energy.
   rCorr:     It protects you from acid and corrosion.
Talismans
 b - a beast talisman
 c - a flux talisman
 P - a serpent talisman
Wands
 l - a wand of charming (6)
 Q - a wand of acid (3)
Scrolls
 d - 2 scrolls of immolation {unknown}
 e - 6 scrolls of teleportation
 f - a scroll of noise {unknown}
 g - 2 scrolls of blinking {unknown}
 i - 2 scrolls of vulnerability {unknown}
 j - a scroll of acquirement
 p - a scroll of silence {unknown}
 v - 3 scrolls of enchant weapon
 x - 2 scrolls of revelation {unknown}
 D - 2 scrolls of amnesia {unknown}
 E - 4 scrolls of brand weapon
 G - a scroll of fog {unknown}
 N - a scroll of enchant armour {unknown}
 R - a scroll of torment {unknown}
 U - a scroll of butterflies {unknown}
Potions
 a - 6 potions of lignification
 k - 3 potions of mutation {unknown}
 q - 5 potions of resistance {unknown}
 r - 5 potions of might
 t - 8 potions of curing
 z - a potion of berserk rage {unknown}
 A - 6 potions of heal wounds
 B - 2 potions of haste {unknown}
 C - 3 potions of enlightenment
 I - 3 potions of brilliance {unknown}
 L - a potion of magic {unknown}
 M - 2 potions of invisibility {unknown}
 S - a potion of degeneration {unknown}
 T - 3 potions of cancellation {unknown}
 V - a potion of attraction {unknown}


   Skills:
 + Level 9.0 Fighting
 - Level 3.0 Maces & Flails
 - Level 3.0 Throwing
 - Level 5.0 Dodging
 - Level 5.0 Shields
 - Level 6.0 Unarmed Combat
 + Level 4.1 Invocations
 + Level 9.5 Evocations
 * Level 11.8 Shapeshifting


You had 11 spell levels left.
You didn't know any spells.
Your spell library contained the following spells:

 Spells                   Type           Power      Damage    Failure   Level
 Call Imp                 Summ           0%         N/A       54%         2
 Scorch                   Fire           0%         2d5       54%         2
 Sublimation of Blood     Necr           0%         N/A       54%         2
 Inner Flame              Hex/Fire       0%         N/A       78%         3
 Volatile Blastmotes      Fire/Tloc      0%         2d10      78%         3
 Flame Wave               Conj/Fire      0%         2d4       99%         4
 Fulminant Prism          Conj/Alch      0%         3d5       99%         4
 Iskenderun's Mystic Bla  Conj/Tloc      0%         2d3       99%         4
 Leda's Liquefaction      Alch/Erth      0%         N/A       99%         4
 Vhi's Electric Charge    Tloc/Air       0%         N/A       99%         4
 Irradiate                Conj/Alch      0%         3d11      100%        5
 Lee's Rapid Deconstruct  Erth           0%         3d4*      100%        5
 Bombard                  Conj/Erth      0%         9d1       100%        6
 Plasma Beam              Fire/Air       0%         2x1d10    100%        6
 Summon Cactus Giant      Summ           0%         N/A       100%        6
 Summon Hydra             Summ           0%         N/A       100%        7
 Ignition                 Fire           0%         3d3       100%        8
 Maxwell's Capacitive Co  Air            0%         ∞         100%        8


Dungeon Overview and Level Annotations

Branches:
Dungeon (10/15)            Temple (1/1) D:7            Lair (1/5) D:9
 Bailey (visited)           IceCv (1/1)
    Orc: D:9-12

Altars:
Ashenzari
Cheibriados
Dithmenos
Elyvilon
Fedhas
Gozag
Hepliaklqana
Kikubaaqudgha
Makhleb
Nemelex Xobeh
Okawaru
Qazlal
Ru
Sif Muna
Trog
Uskayaw
Vehumet
Wu Jian
Xom
Yredelemnul
Zin
The Shining One

Annotations:
D:8 2 transporters, pbupsy's ghost, novice MiFi
D:9 1 runed translucent door, SmokeWeed's ghost, novice HOFi


Innate Abilities, Weirdness & Mutations

You are a hulking beast.
Your limbs bulge with bestial killing power. (Slay +4)
Your life essence is reduced to manifest your ancestor. (-10% HP)
You cannot wear most types of armour.
You are amphibious.
You can wear up to eight rings at the same time.
Your skin changes colour to match your surroundings (Stealth+).
Your rubbery body absorbs attacks. (AC +1, EV +1)
((You are camouflaged when in or above water. (Stealth+)))
You have tentacles for arms and can constrict up to eight enemies at once.


Message History

You hit the ice devil but do no damage.
You squeeze the ice devil, but do no damage.
The ice devil is severely wounded.
You constrict the ice devil. The ice devil hits you!
* * * LOW HITPOINT WARNING * * *
The ice devil freezes you! You resist.
* * * LOW HITPOINT WARNING * * *
You release your grip on the ice devil.
The ice devil attacks as it pursues you!
You block the ice devil's attack.
Unknown command.
You hit the ice devil but do no damage. You grab the ice devil.
You squeeze the ice devil!
The ice devil is almost dead.
You constrict the ice devil, but do no damage.
The ice devil barely misses you.
Unknown command.
You hit the ice devil.
The ice devil is almost dead.
You constrict the ice devil.
You kill the ice devil!
The freezing wraith closely misses you. You block the freezing wraith's attack.
Unknown command.
You block the freezing wraith's attack. The freezing wraith hits you!
* * * LOW HITPOINT WARNING * * *
The freezing wraith drains your vigour!
You feel yourself slow down.
Unknown command.
You feel much better. The freezing wraith hits you.
* * * LOW HITPOINT WARNING * * *
The freezing wraith freezes you. You resist.
* * * LOW HITPOINT WARNING * * *
The freezing wraith closely misses you.
Unknown command.
You hit the freezing wraith. You tentacle-slap the freezing wraith!
You squeeze the freezing wraith!
The freezing wraith is heavily damaged.
The freezing wraith hits you!
* * * LOW HITPOINT WARNING * * *
The freezing wraith freezes you! You resist.
You die...

## #. . .## ..## .# ..#
..##. ..#### °...
...#.### ###.☼
.......####...##
.........###..○#
...........##.#### ####
.......#........h##..[##
......###.#......WZ...)#
.....## ######..##.....#
.##### #...##....### ##
#...###.### ##... ###
##.. ###.


You could see a freezing wraith and a polar bear simulacrum.

Vanquished Creatures
  An ogre mage (D:9)
  3 two-headed ogres
  Pikel (D:7)
  A harpy (shapeshifter) (D:9)
  3 ugly things (D:9)
  Joseph (Lair:1)
  2 ice statues (IceCv)
  2 cane toads (Lair:1)
  Maggie (D:7)
  Jeremiah (D:7)
  2 ice devils (IceCv)
  4 dream sheep (D:10)
  A shadow (D:10)
  4 wyverns
  2 wraiths
  A fire bat (shapeshifter) (D:9)
  2 steam dragons
  A basilisk (D:9)
  14 yaks
  Grum (D:8)
  4 vampire mosquitoes
  4 water moccasins
  3 orc warriors
  An ice beast (D:6)
  2 sky beasts (D:8)
  2 black bears
  3 ogres
  4 centaurs
  2 lemures (D:7)
  2 wolves (D:8)
  2 kobold brigands
  A phantom (D:5)
  5 bullfrogs
  2 scorpions
  3 gnoll sergeants
  3 two-headed ogre simulacra (IceCv)
  5 wights (D:9)
  8 killer bees
  An elephant simulacrum (IceCv)
  5 howler monkeys (D:9)
  A bombardier beetle (D:4)
  A gnoll bouda (D:10)
  4 jellies
  6 hounds
  3 sleepcaps
  7 orc priests
  4 iguanas
  7 orc wizards
  3 troll simulacra (IceCv)
  A spriggan simulacrum (IceCv)
  Robin (D:3)
  21 gnolls
  9 adders
  A naga simulacrum (IceCv)
  A shadow imp (D:5)
  2 white imps
  6 ufetubi (D:6)
  3 ribbon worms (D:4)
  47 orcs
  7 bats
  7 endoplasms
  3 giant cockroaches
  14 goblins
  6 hobgoblins
  13 kobolds
  6 quokkas
  10 ball pythons
  2 frilled lizards
306 creatures vanquished.

Vanquished Creatures (collateral kills)
  An ugly thing (D:9)
  3 yaks
  2 wyverns (D:10)
  A vampire mosquito (D:10)
  A wyvern zombie (D:9)
  A howler monkey (D:9)
  A spriggan simulacrum (IceCv)
  A polar bear simulacrum (IceCv)
  A troll simulacrum (IceCv)
  A hobgoblin (D:10)
13 creatures vanquished.

Vanquished Creatures (others)
  A kobold brigand (D:9)
  5 hexers
  5 ancestors
11 creatures vanquished.

Grand Total: 330 creatures vanquished

Notes
Turn   | Place    | Note
-------+----------+-------------------------------------------
     0 | D:1      | LeprechaunX the Octopode Shapeshifter began the quest for
                  | the Orb.
     0 | D:1      | Reached XP level 1. HP: 13/13 MP: 1/1
   265 | D:1      | Reached XP level 2. HP: 18/18 MP: 2/2
  1001 | D:2      | Reached XP level 3. HP: 18/23 MP: 3/3
  1119 | D:2      | You fall into a shaft and drop 1 floor!
  1456 | D:2      | Reached XP level 4. HP: 26/29 MP: 4/4
  1775 | D:3      | Reached skill level 1 in Evocations
  1780 | D:3      | Reached skill level 1 in Throwing
  1783 | D:3      | Reached XP level 5. HP: 16/34 MP: 5/5
  1793 | D:3      | Reached skill level 1 in Shields
  2121 | D:3      | Noticed Robin
  2124 | D:3      | Killed Robin
  2236 | D:3      | Found a shimmering blue altar of Sif Muna.
  2336 | D:3      | Identified the +8 whip of Discord {speed, +Blink rF++ Will+
                  | Str-5}
  2433 | D:3      | Found a sparkling altar of Nemelex Xobeh.
  2433 | D:3      | Found a blossoming altar of Fedhas.
  2440 | D:3      | Found a glowing golden altar of the Shining One.
  2442 | D:3      | Found a hide-covered altar of Uskayaw.
  2444 | D:3      | Found a snail-covered altar of Cheibriados.
  2690 | D:4      | Reached skill level 4 in Shapeshifting
  2690 | D:4      | Reached XP level 6. HP: 35/39 MP: 6/6
  2816 | D:4      | Found a radiant altar of Vehumet.
  2916 | D:4      | Reached XP level 7. HP: 28/45 MP: 7/7
  3139 | D:4      | Found a shadowy altar of Dithmenos.
  3478 | D:5      | Entered Level 5 of the Dungeon
  3770 | D:5      | Reached XP level 8. HP: 42/52 MP: 8/8
  3883 | D:5      | Reached skill level 5 in Shapeshifting
  4091 | D:5      | Reached skill level 1 in Maces & Flails
  4898 | D:6      | Reached XP level 9. HP: 53/58 MP: 9/9
  5336 | D:7      | Reached skill level 6 in Shapeshifting
  5463 | D:7      | Got the Vellum of Breath
  5565 | D:7      | Noticed Pikel
  5573 | D:7      | Killed Pikel
  5574 | D:7      | Reached skill level 5 in Unarmed Combat
  5583 | D:7      | Found a staircase to the Ecumenical Temple.
  5609 | Temple   | Entered the Ecumenical Temple
  5636 | Temple   | Became a worshipper of Hepliaklqana the Forgotten
  5814 | D:7      | Noticed Jeremiah
  5821 | D:7      | Killed Jeremiah
  5822 | D:7      | Reached skill level 5 in Dodging
  5966 | D:7      | Noticed Maggie
  5976 | D:7      | Killed Maggie
  5977 | D:7      | Reached skill level 5 in Fighting
  5977 | D:7      | Reached skill level 7 in Shapeshifting
  6310 | D:8      | Reached skill level 5 in Evocations
  6310 | D:8      | Reached XP level 10. HP: 66/66 MP: 10/10
  6321 | D:8      | Found a transporter.
  6327 | D:8      | Noticed pbupsy's ghost (novice MiFi)
  6576 | D:8      | Found a transporter.
  6597 | D:8      | Noticed Grum
  6609 | D:8      | Killed Grum
  6670 | D:8      | Reached * piety under Hepliaklqana
  7124 | D:9      | Noticed a two-headed ogre
  7131 | D:9      | Reached skill level 5 in Shields
  7136 | D:9      | Killed a two-headed ogre
  7137 | D:9      | Reached skill level 8 in Shapeshifting
  7258 | D:9      | Noticed a two-headed ogre
  7264 | D:9      | Killed a two-headed ogre
  7414 | D:9      | Noticed a red ugly thing
  7425 | D:9      | Killed a red ugly thing
  7469 | D:9      | Noticed a harpy
  7473 | D:9      | Noticed a brown ugly thing
  7475 | D:9      | Killed a harpy
  7500 | D:9      | Reached skill level 9 in Shapeshifting
  7511 | D:9      | Killed a brown ugly thing
  7512 | D:9      | Reached XP level 11. HP: 48/66 MP: 11/11
  7567 | D:9      | Noticed an ogre mage
  7588 | D:9      | Killed an ogre mage
  7660 | D:9      | Noticed a red ugly thing
  7669 | D:9      | Killed a red ugly thing
  7706 | D:9      | Noticed a green ugly thing
  7713 | D:9      | Killed a green ugly thing
  7891 | D:9      | Identified the ring of Kyd Nuen {rPois rN+++ rCorr Dex-3}
  8083 | D:9      | Reached skill level 10 in Shapeshifting
  8239 | D:9      | Found a staircase to the Lair.
  8975 | D:9      | Found a runed translucent door.
  8975 | D:9      | Found a shimmering altar of Xom.
  8975 | D:9      | Noticed SmokeWeed's ghost (novice HOFi)
  8976 | D:9      | Noticed a +2 long sword of chaos
  9297 | D:10     | Entered Level 10 of the Dungeon
  9307 | D:10     | Found a flagged portal.
  9318 | Bailey   | Entered a bailey
  9777 | D:10     | Reached skill level 1 in Invocations
  9926 | D:10     | Reached skill level 11 in Shapeshifting
  9926 | D:10     | Reached XP level 12. HP: 34/74 MP: 13/13
 10341 | D:10     | Reached ** piety under Hepliaklqana
 10342 | D:10     | Remembered your ancestor Nenetl as a hexer
 10356 | D:10     | Noticed a two-headed ogre
 10366 | D:10     | Killed a two-headed ogre
 10983 | Lair:1   | Entered Level 1 of the Lair of Beasts
 11248 | Lair:1   | Noticed Joseph
 11249 | Lair:1   | Found a frozen archway.
 11258 | Lair:1   | Killed Joseph
 11346 | IceCv    | Entered an ice cave
 12085 | IceCv    | HP: 1/76 [freezing wraith (7)]
 12087 | IceCv    | Slain by a freezing wraith

Illustrated notes

Levels and vault maps discovered:
D:1:      matt_arrival_spirals, layout_basic
D:2:      layout_rooms
D:3:      layout_loops_corners, lemuel_blue_sif_altar,
          chequers_temple_overflow_minitemple, uniq_robin
D:4:      layout_loops_ring, nicolae_vehumet_altar_sigil,
          mainiacjoe_overflow_catwalk, chequers_serial_rivers_marsh,
          nicolae_half_adder
D:5:      layout_basic, minmay_manual_mares
D:6:      layout_loops_ring, dk_vineyard_1, corexii_leaking_fountain,
          serial_library_hellmonk_hallway_b, chequers_serial_rivers_room_b
D:7:      layout_gridville, minmay_temple_entry_overgrown, uniq_pikel,
          uniq_jeremiah, uniq_maggie
D:8:      layout_cave_pools, gammafunk_ghost_stat_death, uniq_grum
D:9:      regret_index_malice_mire, layout_basic, david_lair_generic,
          ebering_ghost_xom
D:10:     layout_basic, enter_bailey_4, dreamdust_gnoll_shepherd
Temple:   dpeg_chambers_temple
Lair:1:   layout_hall_layers, portal_ice_cave_entry_pillars_1, uniq_joseph
IceCv:    ice_cave_small_demon

Skill      XL: |  1  2  3  4  5  6  7  8  9 10 11 12 |
---------------+-------------------------------------+-----
Evocations     | 1 2 3 5 6 8 9 |  9.5
Throwing       | 1 2 3 |  3.0
Fighting       | 2 3 4 5 6 8 9 |  9.0
Shields        | 1 2 3 4 5 |  5.0
Dodging        | 3 4 5 |  5.0
Shapeshifting  | 4 5 7 9 11 | 11.8
Unarmed Combat | 4 5 6 |  6.0
Maces & Flails | 2 3 |  3.0
Invocations    | 1 4 |  4.1

Action                     |  1- 3 |  4- 6 |  7- 9 | 10-12 || total
---------------------------+-------+-------+-------+-------++-------
  Melee: Unarmed           |    47 |    68 |       |       ||   115
         Tentacles         |     8 |    21 |    45 |   141 ||   215
         Constrict         |     8 |    29 |    48 |    77 ||   162
         Punch             |     1 |     3 |     8 |    29 ||    41
         Whip              |       |    37 |   217 |   468 ||   722
  Throw: Boomerang         |       |       |     5 |    98 ||   103
         Javelin           |       |       |       |     4 ||     4
 Invoke: Recall Ancestor   |       |       |       |     1 ||     1
         Ancestor Life: He |       |       |       |     1 ||     1
    Use: Scroll            |       |       |       |     7 ||     7
         Potion            |       |       |       |     1 ||     1
   Stab: Sleeping          |     6 |    12 |     8 |    14 ||    40
         Distracted        |       |       |     1 |     3 ||     4
         Confused          |       |       |       |     4 ||     4
 Armour: Skin              |    23 |    28 |    58 |   127 ||   236
  Dodge: Dodged            |    13 |    27 |    65 |   133 ||   238
  Block: Other             |     2 |       |       |       ||     2
         Buckler           |       |    31 |    64 |   136 ||   231
         Reflection        |       |       |     1 |     3 ||     4

Table legend: (Time is in decaauts)
 A = Elapsed time spent in this place.
 B = Non-inter-level travel time spent in this place.
 C = Inter-level travel time spent in this place.
 D = Time resting spent in this place.
 E = Time spent auto-exploring this place.
 F = Levels seen in this place.
 G = Mean time per level.
                   A        B        C        D        E       F      G
               +--------+--------+--------+--------+--------+-----+--------+
         Total |  11876 |  11417 |    459 |   1796 |   7476 |  14 |  848.3 |
       Dungeon |  10309 |   9950 |    359 |   1217 |   7092 |  10 | 1030.9 |
        Temple |     54 |      3 |     51 |      0 |      0 |   1 |   54.0 |
          Lair |    356 |    307 |     49 |     78 |     67 |   1 |  356.0 |
        Bailey |    426 |    426 |      0 |      0 |    213 |   1 |  426.0 |
      Ice Cave |    729 |    729 |      0 |    501 |    104 |   1 |  729.0 |
               +--------+--------+--------+--------+--------+-----+--------+

Top non-repeatable levels by time:
     D:9: 2356 daAuts
     D:3: 1171 daAuts
     D:5: 1034 daAuts
    D:10: 1019 daAuts
     D:1: 990 daAuts
     D:7: 893 daAuts
     D:6: 789 daAuts
     D:4: 781 daAuts
     D:8: 755 daAuts
   IceCv: 729 daAuts
     D:2: 516 daAuts
  Bailey: 426 daAuts
  Lair:1: 356 daAuts
  Temple: 54 daAuts
